 Dungeon Crawl Stone Soup version 0.17-a0-1655-g88a8506 (webtiles) character file.

241 KINGKRU the Firebug (level 6, -5/45 HPs)
             Began as a Hill Orc Fire Elementalist on Aug 15, 2015.
             Was an Initiate of Ru.
             Engulfed by a cloud of flame (17 damage)
             ... on level 3 of the Dungeon.
             The game lasted 00:19:24 (4022 turns).

KINGKRU the Firebug (Hill Orc Fire Elementalist)    Turns: 4022, Time: 00:19:25

Health: -5/45      AC:  4    Str: 11      XL:     6   Next: 8%
Magic:  6/10       EV: 12    Int: 17      God:    Ru [......]
Gold:   83         SH:  0    Dex: 10 (11) Spells: 2 memorised, 6 levels left

rFire  . . .     SeeInvis .     e - -1 spear (curse)
rCold  . . .     Clarity  .     a - +2 robe
rNeg   . . .     SustAt   +     (no shield)
rPois  .         Gourm    .     (no helmet)
rElec  .         Spirit   .     (no cloak)
rCorr  .         Warding  .     (no gloves)
rMut   .         Stasis   .     (no boots)
MR     .....                    (no amulet)
Stlth  ++........               (no ring)
                                c - ring of sustain attributes

@: not resistant to hostile enchantments, unstealthy
A: no striking features
a: Renounce Religion


You were on level 3 of the Dungeon.
You worshipped Ru.
Ru was noncommittal.
You were not hungry.

You visited 1 branch of the dungeon, and saw 3 of its levels.

You collected 83 gold pieces.

Inventory:

Hand weapons
 e - a cursed -1 spear (weapon)
 f - a +2 dagger of freezing
 k - a cursed -2 spear
Armour
 a - a +2 robe (worn)
Jewellery
 c - a ring of sustain attributes (left hand)
Scrolls
 j - 3 scrolls of identify
Potions
 g - a potion of agility
 i - a potion of might {unknown}
Books
 b - a book of Flames

   Spells                             Type                      Level
   a - Flame Tongue                   Conjuration/Fire             1
   b - Throw Flame                    Conjuration/Fire             2
   c - Conjure Flame                  Conjuration/Fire             3
   d - Inner Flame                    Hexes/Fire                   3
   e - Sticky Flame                   Conjuration/Fire             4
   f - Fireball                       Conjuration/Fire             5
Comestibles
 d - 3 meat rations
 h - 2 fruits


   Skills:
 + Level 0.2 Fighting
 + Level 0.7 Polearms
 + Level 2.5 Dodging
 + Level 2.1 Stealth
 + Level 2.7 Spellcasting
 + Level 2.4 Conjurations
 + Level 0.2 Hexes
 + Level 4.5 Fire Magic


You had 6 spell levels left.
You knew the following spells:

 Your Spells              Type           Power        Failure   Level  Hunger
a - Flame Tongue          Conj/Fire      ##...        4%          1    #......
b - Inner Flame           Hex/Fire       ##......     21%         3    ###....


Dungeon Overview and Level Annotations

Branches:
Dungeon (3/15)

Altars:
Qazlal
Ru


Message History

Confirm with . or Enter, or press ? or * to list all spells.
Okay, then.
Casting: Flame Tongue
Confirm with . or Enter, or press ? or * to list all spells.
Aiming: Inner Flame
Press: ? - help, Shift-Dir - straight line, f - quokka
Aim: a quokka (chance to defeat MR: 75%)
The quokka is filled with an inner flame.
Casting: Inner Flame
Confirm with . or Enter, or press ? or * to list all spells.
Aiming: Flame Tongue
Press: ? - help, Shift-Dir - straight line, f/p - quokka
Aim: a quokka (inner flame)
The flame tongue hits the quokka.
The quokka explodes!
The fiery explosion engulfs you!
Ouch! That really hurt!
* * * LOW HITPOINT WARNING * * *
You are engulfed in roaring flames.
You die...

...##### ##.#
##.<...# #.# .#
#####.####.# ##.#
#...##.#### #...#
###.......###...###
######..###E#...#E#
.........#####§..###
.#######.#..§§§.....
#.......@§§_....
#................
##..%...###%..###
########E#...#E#
###...### ####


You could see an earth elemental, a water elemental, a fire elemental and an air
elemental (dormant).

Vanquished Creatures
  An ogre (D:3)
  An orc priest (D:3)
  7 adders
  2 worms (D:2)
  2 giant geckos (D:3)
  An orc (D:3)
  3 ball pythons
  5 giant cockroaches
  6 goblins
  12 hobgoblins
  4 kobolds (D:1)
  3 quokkas (D:3)
  6 bats
  A giant newt (D:3)
  8 rats
62 creatures vanquished.

Notes
Turn   | Place    | Note
--------------------------------------------------------------
     0 | D:1      | KINGKRU the Hill Orc Fire Elementalist began the quest for the Orb.
     0 | D:1      | Reached XP level 1. HP: 14/14 MP: 3/3
   405 | D:1      | Reached XP level 2. HP: 20/20 MP: 1/4
  1283 | D:2      | Reached XP level 3. HP: 26/26 MP: 2/5
  1918 | D:2      | Reached skill level 4 in Fire Magic
  2317 | D:2      | Found a sacrificial altar of Ru.
  2324 | D:2      | Became a worshipper of Ru the Awakened
  2489 | D:2      | Reached XP level 4. HP: 21/33 MP: 1/7
  3506 | D:3      | Learned a level 3 spell: Inner Flame
  3611 | D:3      | Reached XP level 5. HP: 38/38 MP: 5/8
  3893 | D:3      | Noticed an ogre
  3904 | D:3      | Killed an ogre
  3904 | D:3      | Reached XP level 6. HP: 40/45 MP: 4/10
  4015 | D:3      | Found a stormy altar of Qazlal.
  4018 | D:3      | Noticed a water elemental
  4018 | D:3      | Noticed a fire elemental
  4019 | D:3      | Noticed an earth elemental
  4019 | D:3      | Noticed an air elemental
  4022 | D:3      | Engulfed by a cloud of flame

Vault maps used:
D:1:      minmay_arrival_open_corners
D:2:      nicolae_ru_the_path_less_chosen
D:3:      nicolae_qazlal_style_of_elements, hangedman_decor_push

Action                   |  1- 3 |  4- 6 || total
-------------------------+-------+-------++-------
Melee: Spear             |    30 |       ||    30
 Cast: Flame Tongue      |    69 |    53 ||   122
       Inner Flame       |       |     2 ||     2
  Use: Scroll            |     5 |     1 ||     6
       Potion            |     3 |       ||     3
  Eat: Fruit             |     2 |       ||     2
       Bread ration      |     1 |     1 ||     2
       Meat ration       |       |     1 ||     1
